 Dungeon Crawl Stone Soup version 0.19-a0-1626-g5215c36 (webtiles) character file.

2629 Fuzzwah the Poker (level 9, 0/74 HPs)
             Began as a Centaur Fighter on Sept 18, 2016.
             Slain by a killer bee (2 damage)
             ... on level 6 of the Dungeon.
             The game lasted 00:26:15 (6794 turns).

Fuzzwah the Poker (Centaur Fighter)                 Turns: 6794, Time: 00:26:15

Health: 0/74       AC:  8    Str: 19    XL:     9   Next: 35%
Magic:  9/9        EV: 11    Int:  7    God:
Gold:   326        SH: 11    Dex: 15    Spells: 0 memorised, 8 levels left

rFire  . . .     SeeInvis .     L - +3 war axe of Zymum {chop, rC+ Dex+3}
rCold  + + .     Gourm    +     j - +1 animal skin
rNeg   + . .     Faith    .     c - +1 shield
rPois  .         Spirit   .     M - +1 hat
rElec  .         Dismiss  .     E - +0 cloak
rCorr  .         Reflect  .     y - +0 pair of gloves
MR     .....     Harm     .     (no barding)
Stlth  +.........               F - amulet of the gourmand {Gourm, !d}
                                t - ring of positive energy {rN+}
                                J - ring of protection from cold {rC+, !d}

@: lethally poisoned (0 -> -1), very quick
A: hooves 3, deformed body, speed 2, tough skin 3
a: no special abilities


You were on level 6 of the Dungeon.
You were not hungry.

You visited 1 branch of the dungeon, and saw 6 of its levels.
You also visited: Sewer.

You collected 326 gold pieces.

Inventory:

Hand Weapons
 a - a +0 trident
 L - the +3 war axe of Zymum (weapon) {chop, rC+ Dex+3}
   (You found it on level 6 of the Dungeon)

   It inflicts extra damage upon your enemies.
   It affects your dexterity (+3).
   It protects you from cold.
Armour
 c - a +1 shield (worn)
 e - a +1 helmet of see invisible
   (You took it off Robin on level 2 of the Dungeon)
 j - a +1 animal skin (worn)
   (You took it off Robin on level 2 of the Dungeon)
 y - a +0 pair of gloves (worn)
   (You found it on level 3 of the Dungeon)
 E - a +0 cloak (worn)
   (You took it off Crazy Yiuf on level 4 of the Dungeon)
 M - a +1 hat (worn)
   (You found it on level 6 of the Dungeon)
Jewellery
 n - an uncursed ring of ice {rC+, rF-}
   (You found it on level 2 of the Dungeon)
 t - a ring of positive energy (right hand) {rN+}
   (You found it on level 2 of the Dungeon)
 x - an uncursed amulet of faith {Faith, !P}
   (You found it on level 3 of the Dungeon)
 F - an amulet of the gourmand (around neck) {Gourm, !d}
   (You found it on level 5 of the Dungeon)
 J - a ring of protection from cold (left hand) {rC+, !d}
   (You found it on level 6 of the Dungeon)
Wands
 D - a wand of digging (13/24)
   (You took it off Terence on level 3 of the Dungeon)
Scrolls
 h - 5 scrolls of magic mapping {!r}
 k - a scroll of amnesia {unknown}
 p - a scroll of fear {unknown}
 u - 2 scrolls of remove curse
 v - 2 scrolls of random uselessness {unknown}
 B - 2 scrolls of teleportation {unknown}
 C - a scroll of enchant armour
 H - a scroll of immolation {unknown}
 N - a scroll of enchant weapon {unknown}
Potions
 b - a potion of agility
 d - a potion of might
 g - 3 potions of curing
 i - 3 potions of heal wounds {unknown}
 l - 3 potions of flight
 m - a potion of magic {unknown}
 r - a potion of resistance
 s - a potion of cancellation {unknown}
 z - 2 potions of haste {unknown}
 A - 2 potions of brilliance {unknown}
 G - 2 potions of invisibility {unknown}
 I - a potion of mutation {unknown}
Books
 o - a book of Callings
   (You found it on level 5 of the Dungeon)
 K - a book of Maledictions
   (You found it on level 6 of the Dungeon)
Comestibles
 f - 5 bread rations {@e1}
 q - 7 meat rations {@e2}
 w - a royal jelly


   Skills:
 + Level 5.1 Fighting
 * Level 0.6(3.7) Axes
 - Level 5.9 Polearms
 + Level 4.0 Armour
 + Level 4.7 Dodging
 + Level 5.3 Shields
 * Level 1.2 Evocations


You had 8 spell levels left.
You didn't know any spells.

Dungeon Overview and Level Annotations

Branches:
Dungeon (6/15)
 Temple: D:4-7

Altars:
Gozag
Hepliaklqana
Kikubaaqudgha
Nemelex Xobeh


Innate Abilities, Weirdness & Mutations

You have hooves in place of feet.
Armour fits poorly on your strangely shaped body.
You cover ground very quickly.
You have extremely tough skin. (AC +3)


Message History

You block the killer bee's attack.
You take 4 damage, and have 61/74 hp.
You barely miss the killer bee.
You feel sick. The killer bee stings you.
You are more poisoned.
The killer bee poisons you! You block the killer bee's attack.
The killer bee stings you.
You take 4 damage, and have 57/74 hp.
You slash the killer bee! Your kick misses the killer bee.
You feel sick. You block the killer bee's attack.
The killer bee closely misses you.
You take 1 damage, and have 56/74 hp.
You slash the killer bee!
You kill the killer bee!
You feel sick. You block the killer bee's attack. x2
You take 1 damage, and have 55/74 hp.
You miss the killer bee. Your kick misses the killer bee.
You feel sick. The killer bee stings you.
You are more poisoned.
The killer bee poisons you! The killer bee misses you.
The killer bee closely misses you.
You take 6 damage, and have 49/74 hp.
You barely miss the killer bee. You kick the killer bee.
You feel sick. The killer bee barely misses you.
You block the killer bee's attack.
You take 2 damage, and have 47/74 hp.
You slash the killer bee! You kick the killer bee.
You feel sick. The killer bee stings you.
The killer bee stings you but does no damage.
You block the killer bee's attack.
You take 4 damage, and have 43/74 hp.
You are too injured to fight recklessly!
You are too injured to fight recklessly!
Unknown command.
You are too injured to fight recklessly!
You are too injured to fight recklessly!
You are too injured to fight recklessly!
You closely miss the killer bee.
You kick the killer bee, but do no damage.
You feel sick. The killer bee stings you.
You are more poisoned.
The killer bee poisons you! You block the killer bee's attack.
The killer bee stings you.
You take 4 damage, and have 39/74 hp.
You closely miss the killer bee. You kick the killer bee.
You feel sick. The killer bee stings you. The killer bee stings you!
The killer bee stings you.
* * * LOW HITPOINT WARNING * * *
You take 18 damage, and have 21/74 hp.
MASSIVE DAMAGE!!
You miss the killer bee.
You feel sick.
The killer bee stings you but does no damage.
You block the killer bee's attack.
You take 2 damage, and have 19/74 hp.
You barely miss the killer bee. Your kick misses the killer bee.
You feel sick. The killer bee barely misses you.
You block the killer bee's attack. x2
You take 1 damage, and have 18/74 hp.
You hit the killer bee.
You kill the killer bee!
You feel sick. The killer bee closely misses you.
The killer bee barely misses you.
You take 1 damage, and have 17/74 hp.
You miss the killer bee. Your kick misses the killer bee.
You feel sick. The killer bee misses you. The killer bee stings you.
* * * LOW HITPOINT WARNING * * *
The killer bee stings you.
* * * LOW HITPOINT WARNING * * *
You take 7 damage, and have 10/74 hp.
You feel better. The killer bee stings you.
* * * LOW HITPOINT WARNING * * *
You are poisoned.
The killer bee poisons you! The killer bee stings you.
* * * LOW HITPOINT WARNING * * *
You regained 8 hp, and now have 18/74 hp.
You feel sick.
You feel sick. The killer bee closely misses you.
You take 1 damage, and have 17/74 hp.
You feel sick. You block the killer bee's attack.
You take 1 damage, and have 16/74 hp.
The killer bee stings you but does no damage.
You block the killer bee's attack.
You see here a bullfrog corpse.
You feel sick. The killer bee closely misses you.
You take 1 damage, and have 16/74 hp.
The killer bee completely misses you.
You feel sick. The killer bee closely misses you.
You take 1 damage, and have 16/74 hp.
The killer bee stings you but does no damage.
You feel sick.
There is a stone staircase leading down, spattered with blood here.
You take 1 damage, and have 15/74 hp.
The killer bee stings you.
* * * LOW HITPOINT WARNING * * *
The killer bee stings you!
* * * LOW HITPOINT WARNING * * *
You take 8 damage, and have 7/74 hp.
You block the killer bee's attack.
You feel sick. The killer bee stings you.
* * * LOW HITPOINT WARNING * * *
You take 6 damage, and have 1/74 hp.
You block the killer bee's attack. The killer bee stings you.
You die...

...........# #...#..#P.#)..##
.........#.# #...####.)#####.
.........#.# #...............
####.....#.#######........#......
# #.....#............#........##
####.#..#############.#.#)..##.##
.........................<.......
.....#..#.....#####.###.##..##.##
######..........@yy........>.....
####.#<#.#####.#######.##.##
#.#.#.#####.# #.##.#
#...#.......# #....#
############# ###### # #


You could see 2 killer bees.

Vanquished Creatures
  Pikel (D:6)
  Grinder (D:4)
  Sigmund (D:4)
  Duvessa (D:6)
  An ice beast (D:6)
  A phantom (D:4)
  A big kobold (Sewer)
  Dowan (D:6)
  3 bullfrogs (D:6)
  4 scorpions
  4 killer bees (D:6)
  A howler monkey (D:5)
  A hound (D:6)
  Crazy Yiuf (D:4)
  A bullfrog skeleton (D:4)
  A centaur skeleton (D:4)
  A jelly (D:6)
  4 orc wizards
  Jessica (D:2)
  2 iguanas
  Terence (D:3)
  4 worker ants
  2 hound skeletons
  2 worker ant zombies
  Robin (D:2)
  3 river rats
  10 adders
  An ooze (D:3)
  An adder skeleton (D:4)
  A dart slug (D:1)
  A worm (D:2)
  3 leopard geckos
  14 orcs
  2 ball pythons
  6 bats
  5 giant cockroaches
  8 hobgoblins
  13 jackals
  9 kobolds
  4 quokkas
  6 frilled lizards
  14 goblins
  A leopard gecko zombie (D:5)
  A quokka skeleton (D:4)
  10 rats
155 creatures vanquished.

Vanquished Creatures (others)
  A centaur skeleton (D:6)
  An orc wizard (D:6)
  A worker ant (D:6)
  A hound zombie (D:6)
  A worm (D:3)
  6 orcs (D:6)
  2 goblins (D:6)
  A hobgoblin (D:6)
  2 kobolds (D:6)
16 creatures vanquished.

Grand Total: 171 creatures vanquished

Notes
Turn   | Place    | Note
-------+----------+-------------------------------------------
     0 | D:1      | Fuzzwah the Centaur Fighter began the quest for the Orb.
     0 | D:1      | Reached XP level 1. HP: 19/19 MP: 1/1
   310 | D:1      | Reached XP level 2. HP: 16/26 MP: 2/2
   786 | D:1      | Reached skill level 2 in Polearms
   814 | D:1      | Reached XP level 3. HP: 25/31 MP: 3/3
  1016 | D:2      | Reached skill level 1 in Dodging
  1032 | D:2      | Noticed Robin
  1050 | D:2      | Killed Robin
  1176 | D:2      | Found a sparkling altar of Nemelex Xobeh.
  1181 | D:2      | Reached XP level 4. HP: 38/38 MP: 4/4
  1202 | D:2      | Noticed Jessica
  1210 | D:2      | Killed Jessica
  1388 | D:2      | Reached skill level 3 in Shields
  1756 | D:3      | Reached XP level 5. HP: 34/45 MP: 5/5
  2191 | D:3      | Noticed Terence
  2349 | D:3      | Killed Terence
  2514 | D:4      | Reached skill level 3 in Polearms
  2535 | D:4      | Reached skill level 2 in Dodging
  2537 | D:4      | Reached XP level 6. HP: 38/51 MP: 6/6
  2581 | D:4      | Found a glowing drain.
  2614 | Sewer    | Entered a sewer
  2916 | Sewer    | Found a white marble altar of Elyvilon.
  3015 | D:4      | Noticed Sigmund
  3050 | D:4      | Noticed Grinder
  3066 | D:4      | Paralysed by Grinder for 4 turns
  3350 | D:4      | Reached XP level 7. HP: 51/58 MP: 7/7
  3361 | D:4      | Found an opulent altar of Gozag.
  3388 | D:4      | Killed Sigmund
  3388 | D:4      | Reached skill level 4 in Polearms
  3388 | D:4      | Reached skill level 3 in Armour
  3453 | D:4      | Paralysed by Grinder for 5 turns
  3468 | D:4      | Paralysed by Grinder for 3 turns
  3723 | D:4      | Paralysed by Grinder for 7 turns
  3743 | D:4      | Paralysed by Grinder for 6 turns
  3966 | D:4      | Reached skill level 4 in Fighting
  3966 | D:4      | Reached skill level 4 in Shields
  3992 | D:4      | Killed Grinder
  3992 | D:4      | Reached skill level 3 in Dodging
  4124 | D:4      | Reached XP level 8. HP: 57/66 MP: 8/8
  4151 | D:4      | Found a runed door.
  4339 | D:4      | Noticed Crazy Yiuf
  4346 | D:4      | Killed Crazy Yiuf
  4453 | D:5      | Entered Level 5 of the Dungeon
  5261 | D:5      | Reached skill level 5 in Polearms
  5722 | D:6      | Noticed Pikel
  5748 | D:6      | HP: 12/67 [slave[Pikel] (5)]
  5753 | D:6      | Killed Pikel
  5753 | D:6      | Reached skill level 4 in Dodging
  5753 | D:6      | Reached skill level 5 in Shields
  6110 | D:6      | Found an ancient bone altar of Kikubaaqudgha.
  6129 | D:6      | Reached XP level 9. HP: 73/73 MP: 9/9
  6162 | D:6      | Reached skill level 5 in Fighting
  6187 | D:6      | Found a hazy altar of Hepliaklqana.
  6261 | D:6      | Noticed Duvessa
  6261 | D:6      | Noticed Dowan
  6266 | D:6      | Got a transparent war axe
  6267 | D:6      | Identified the +3 war axe of Zymum {chop, rC+ Dex+3} (You found it on level 6 of the Dungeon)
  6278 | D:6      | Killed Duvessa
  6281 | D:6      | Killed Dowan
  6745 | D:6      | Reached skill level 1 in Evocations
  6749 | D:6      | Reached skill level 4 in Armour
  6760 | D:6      | HP: 18/74 [poisoned by a killer bee]
  6766 | D:6      | HP: 17/74 [poisoned by a killer bee]
  6773 | D:6      | HP: 16/74 [poisoned by a killer bee]
  6778 | D:6      | HP: 16/74 [poisoned by a killer bee]
  6783 | D:6      | HP: 15/74 [poisoned by a killer bee]
  6785 | D:6      | HP: 7/74 [killer bee (8)]
  6789 | D:6      | HP: 1/74 [killer bee (5)]
  6794 | D:6      | Slain by a killer bee

Vault maps used:
D:1:      dpeg_arrival_yet_another_circle, kennysheep_decorative_pillar
D:2:      nemelex_xobeh_ov_fountains_minmay, uniq_robin, uniq_jessica
D:3:      first_bread, lemuel_flame_loot_1, uniq_terence
D:4:      kennysheep_mini_moat, portal_sewer_entry_b, uniq_sigmund,
          uniq_crazy_yiuf_cottage, uniq_grinder
D:5:      nrook_mini_backslash
D:6:      corexii_shack_village, kiku_gazebo_garden_becter, basic_altar,
          uniq_duvessa, uniq_pikel
Sewer:    sewer_kobolds

Skill      XL: |  1  2  3  4  5  6  7  8  9 |
---------------+----------------------------+-----
Polearms       | 2 3 4 5 |  5.9
Dodging        | 1 2 3 4 |  4.7
Shields        | 3 4 5 |  5.3
Armour         | 3 4 |  4.0
Fighting       | 4 5 |  5.1
Evocations     | 1 |  1.2
Axes           | |  0.6

Action                   |  1- 3 |  4- 6 |  7- 9 || total
-------------------------+-------+-------+-------++-------
Melee: Trident           |   158 |   331 |   309 ||   798
       Kick              |    19 |    68 |   104 ||   191
       War axe           |       |       |    52 ||    52
  Use: Scroll            |     5 |     1 |     1 ||     7
       Potion            |       |       |     2 ||     2
  Eat: Chunk             |       |     5 |     5 ||    10
       Fruit             |       |     1 |       ||     1
       Pizza             |       |     1 |       ||     1
       Meat ration       |       |       |     1 ||     1
       Beef jerky        |       |       |     1 ||     1
Armor: Scale mail        |    59 |       |       ||    59
       Animal skin       |       |   119 |   122 ||   241
Dodge: Dodged            |    24 |   114 |   140 ||   278
Block: Shield            |    52 |   156 |   180 ||   388

Vault maps used:
D:1:      dpeg_arrival_yet_another_circle, kennysheep_decorative_pillar
D:2:      nemelex_xobeh_ov_fountains_minmay, uniq_robin, uniq_jessica
D:3:      first_bread, lemuel_flame_loot_1, uniq_terence
D:4:      kennysheep_mini_moat, portal_sewer_entry_b, uniq_sigmund,
          uniq_crazy_yiuf_cottage, uniq_grinder
D:5:      nrook_mini_backslash
D:6:      corexii_shack_village, kiku_gazebo_garden_becter, basic_altar,
          uniq_duvessa, uniq_pikel
Sewer:    sewer_kobolds

Table legend:
 A = Turns spent in this place as a percentage of turns spent in the entire game.
 B = Non-inter-level travel turns spent in this place as a percentage of non-inter-level travel turns spent in the entire game.
 C = Inter-level travel turns spent in this place as a percentage of turns spent in this place.
 D = Turns resting spent in this place as a percentage of non-inter-level travel turns spent in this place.
 E = Turns spent auto-exploring this place as a percentage of non-inter-level travel turns spent in this place.
 F = Non-inter-level travel turns spent in this place divided by the number of levels of this place that you've seen.
                   A       B       C       D       E      F
               +-------+-------+-------+-------+-------+----------------------
         Total | 100.0 | 100.0 |   0.5 |   2.5 |  10.5 | 233.7
       Dungeon |  95.6 |  95.5 |   0.5 |   2.4 |  10.6 | 260.5
         Sewer |   4.4 |   4.5 |   0.0 |   5.5 |   8.2 |  73.0
               +-------+-------+-------+-------+-------+----------------------

Table legend:
 A = Kills in this place as a percentage of kills in entire the game.
 B = Kills by you in this place as a percentage of kills by you in the entire game.
 C = Kills by friends in this place as a percentage of kills by friends in the entire game.
 D = Other kills in this place as a percentage of other kills in the entire game.
 E = Experience gained in this place as a percentage of experience gained in the entire game.
 F = Experience gained in this place divided by the number of levels of this place that you have seen.
                   A       B       C       D       E      F
               +-------+-------+-------+-------+-------+----------------------
         Total | 100.0 | 100.0 |  -nan |  -nan | 100.0 | 536.6
       Dungeon |  93.5 |  93.5 |  -nan |  -nan |  96.4 | 603.3
         Sewer |   6.5 |   6.5 |  -nan |  -nan |   3.6 | 136.0
               +-------+-------+-------+-------+-------+----------------------
